 Dungeon Crawl Stone Soup version 0.21.0-25-ge575cb9 (webtiles) character file.

58940 Inarius the Gelid (level 14, -5/114 HPs)
             Began as a Pale Draconian Ice Elementalist on Jan 24, 2018.
             Was the Champion of Nemelex Xobeh.
             Killed by a card of wild magic (64 damage)
             ... on level 13 of the Dungeon.
             The game lasted 01:45:56 (29380 turns).

Inarius the Gelid (DrIE)                           Turns: 29380, Time: 01:45:58

Health: -5/114     AC: 17    Str: 11    XL:     14   Next: 51%
Magic:  2/26       EV: 14    Int: 22    God:    Nemelex Xobeh [******]
Gold:   1026       SH:  0    Dex: 13    Spells: 4/30 levels left

rFire    x . .     SeeInvis .   y - +9 quarterstaff (chaos)
rCold    + . .     Gourm    .   (shield currently unavailable)
rNeg     . . .     Faith    +   (armour unavailable)
rPois    .         Spirit   .   x - +2 hat {MR+}
rElec    .         Reflect  .   z - +0 cloak
rCorr    .         Harm     .   O - +2 pair of gloves
MR       ++++.                  A - +2 pair of boots
Stlth    ++........             p - amulet of faith
HPRegen  0.29/turn              V - ring of the Mage {Wiz MR++ Int+3}
MPRegen  0.20/turn              N - ring of ice

@: no status effects
A: breathe steam, unfitting armour, cold-blooded, AC +8
a: Breathe Steam, Triple Draw, Deal Four, Stack Five, Renounce Religion


You were on level 13 of the Dungeon.
You worshipped Nemelex Xobeh.
Nemelex Xobeh was exalted by your worship.
You were near starving.

You visited 2 branches of the dungeon, and saw 19 of its levels.
You also visited: Ice Cave.

You collected 1844 gold pieces.
You spent 818 gold pieces at shops.

Inventory:

Hand Weapons
 y - a +9 quarterstaff of chaos (weapon)
Armour
 r - a +2 shield
 x - a +2 hat of magic resistance (worn)
 z - a +0 cloak (worn)
 A - a +2 pair of boots (worn)
 O - a +2 pair of gloves (worn)
Jewellery
 n - an uncursed ring of protection from cold
 p - an amulet of faith (around neck)
 v - a +4 ring of protection
 N - a ring of ice (right hand)
 P - an uncursed ring of see invisible
 T - an uncursed ring of positive energy
 V - the ring of the Mage (left hand) {Wiz MR++ Int+3}
   (You bought it in a shop on level 11 of the Dungeon)

   [ring of wizardry]

   It improves your spell success rate.
   It affects your intelligence (+3).
   It affects your resistance to hostile enchantments.
Wands
 U - a wand of digging (18)
Scrolls
 c - 10 scrolls of magic mapping
 d - 3 scrolls of fear
 e - 3 scrolls of blinking
 f - 2 scrolls of enchant armour
 g - a scroll of holy word
 h - 3 scrolls of amnesia
 i - 4 scrolls of teleportation
 j - 5 scrolls of remove curse
 l - a scroll of brand weapon
 q - 3 scrolls of fog
 B - a scroll of immolation
 C - 4 scrolls of identify
Potions
 m - 2 potions of cancellation
 o - 7 potions of curing
 s - 4 potions of invisibility
 t - 3 potions of haste
 E - 2 potions of ambrosia
 Q - 3 potions of magic
 R - 5 potions of heal wounds
 S - 3 potions of brilliance
 W - 2 potions of resistance
 Y - 2 potions of agility
Books
 H - a book of Ice

   Spells                             Type                      Level
   a - Ice Form                       Ice/Transmutation            4
   b - Metabolic Englaciation         Hexes/Ice                    5
   c - Ozocubu's Refrigeration        Ice                          6
   d - Bolt of Cold                   Conjuration/Ice              6
   e - Freezing Cloud                 Conjuration/Ice/Air          6
   f - Simulacrum                     Ice/Necromancy               6
Miscellaneous
 k - a legendary deck of summoning
 u - a legendary deck of escape
 w - an ornate deck of destruction {drawn: 4}
 D - an ornate deck of summoning
 F - an ornate deck of summoning
 G - a legendary deck of summoning
 I - a legendary deck of destruction
 J - a legendary deck of destruction
 K - an ornate deck of summoning
 M - a legendary deck of summoning
 X - a legendary deck of destruction {drawn: 5}
 Z - a legendary deck of destruction
Comestibles
 b - 30 rations
 L - 19 chunks of flesh


   Skills:
 + Level 7.7 Fighting
   Level 1.0(1.3) Maces & Flails
 - Level 1.2(1.4) Staves
 - Level 5.0 Dodging
 - Level 1.7 Stealth
 + Level 0.1 Unarmed Combat
 + Level 8.9 Spellcasting
 + Level 7.6 Conjurations
 + Level 2.5 Charms
 - Level 4.0 Summonings
 * Level 16.9 Ice Magic
 * Level 11.5 Invocations


You had 4 spell levels left.
You knew the following spells:

 Your Spells              Type           Power        Failure   Level  Hunger
a - Freeze                Ice            ####         0%          1    None
b - Ozocubu's Armour      Chrm/Ice       ######..     1%          3    None
c - Throw Icicle          Conj/Ice       #######.     1%          4    ##.....
d - Summon Ice Beast      Ice/Summ       ######..     1%          4    ##.....
e - Bolt of Cold          Conj/Ice       #######...   2%          6    ######.
f - Ozocubu's Refrigerat  Ice            #######...   1%          6    ######.
g - Sublimation of Blood  Necr           #.........   4%          2    None


Dungeon Overview and Level Annotations

Branches:
Dungeon (13/15)            Temple (0/1) D:6            Lair (6/6) D:11
 Shoals (0/4) Lair:3       Spider (0/4) Lair:3        Slime (0/5) Lair:6
    Orc (0/2) D:9
 Vaults: D:13-14

Altars:
Fedhas
Nemelex Xobeh
Okawaru
Ru
Sif Muna
Trog
Uskayaw
Vehumet
Jiyva

Shops:
D:4 *   D:6 [   D:10 *   D:11 =

Annotations:
D:8 Miyamura's ghost, journeyman FoFi
Lair:6 1 runed door


Innate Abilities, Weirdness & Mutations

You can breathe blasts of scalding, opaque steam.
Your pale cyan-grey scales are hard. (AC +8)
You cannot fit into any form of body armour.
You are cold-blooded and may be slowed by cold attacks.


Message History

Press: ? - help, Shift-Dir - straight line, f/p - tyrant leech
Aim: a tyrant leech (moderately wounded, misshapen and mutated)
The tyrant leech convulses!
Evoke which item? (* to show all) (? for menu, Esc to quit)
You draw a card...
It is Pain.
The deck of cards glows slightly and disappears.
You have drawn Pain.
Press: ? - help, Shift-Dir - straight line, f/p - tyrant leech
Aim: a tyrant leech (severely wounded, misshapen and mutated)
The tyrant leech convulses!
The tyrant leech closely misses you.
Evoke which item? (* to show all) (? for menu, Esc to quit)
You draw a card...
It is Wild Magic.
The fire burns you terribly!
There is a sudden and violent explosion of flames!
The fireball engulfs the tyrant leech.
The tyrant leech dies!
The vault guard returns to its original shape as it dies.
The fireball engulfs you! The fire burns you terribly!
Ouch! That really hurt!
You die...
Your body glows with a rainbow of weird colours and disappears.

#...###.............# ##..## ##
.....###.............# ##...# #
.......#.##...#####..###....#####
..................#..............
....####.#######..#.#.......##...
<.... #)# #..#.##..##.#####†
.....# #)# #..#.#..###.# ##<
......##.#.#####..#.#..# ##.# #..
........)#.....)@.#.#..# #..##.#
####..#.÷##########...# #.#...
##.#................# #....#
#...÷.##.#######..##..####...##
#...####.# #.## #......#..#
...#.. ##. ..# #..#..##.. .. ##.
.# #.## #.###..##. . #. .# #. #
#.##. ## .. .. #....


There were no monsters in sight!

Vanquished Creatures
  Harold (D:10)
  Josephine (Lair:6)
  5 hydras
  2 fire dragons (Lair:6)
  A centaur warrior (D:13)
  10 two-headed ogres
  An ogre mage (D:13)
  A deep troll (D:13)
  A lindwurm (Lair:6)
  An obsidian statue (D:12)
  A deep elf mage (D:12)
  3 cyclopes
  A manticore (D:11)
  2 elephants (Lair:6)
  2 black mambas
  An ice statue (IceCv)
  5 torpor snails (Lair:6)
  13 spiny frogs
  A rime drake (Lair:6)
  5 komodo dragons
  A kobold demonologist (D:13)
  A troll (D:11)
  5 polar bears
  2 jumping spiders (Lair:3)
  13 blink frogs
  4 tyrant leeches (Lair:6)
  7 hornets (Lair:6)
  7 slime creatures
  9 hippogriffs
  2 wraiths
  A shadow (D:12)
  A spriggan (D:10)
  A water elemental (D:11)
  A wyvern (Lair:4)
  22 yaks
  3 fire elementals (D:12)
  A human (Lair:6)
  8 basilisks
  A steam dragon (Lair:6)
  A golden eye (Lair:6)
  4 vampire mosquitoes
  A naga (Lair:6)
  A warg (D:10)
  7 water moccasins
  6 porcupines
  An insubstantial wisp (D:9)
  An acid dragon (D:13)
  4 phantoms
  11 ice beasts
  2 black bears
  4 swamp drakes (Lair:6)
  2 orc warriors
  3 sky beasts
  An eye of draining (D:11)
  6 ogres
  A wolf (D:11)
  2 necrophages
  15 centaurs
  9 crocodiles
  2 big kobolds
  15 bullfrogs
  A wyvern zombie (D:10)
  14 killer bees
  3 scorpions
  6 wights
  2 electric eels (D:11)
  A crimson imp (D:13)
  A howler monkey (D:13)
  A bullfrog zombie (D:9)
  3 jellies
  A centaur zombie (D:6)
  3 centaur skeletons
  10 hounds
  5 orc priests
  A quasit (D:13)
  12 orc wizards
  Crazy Yiuf (D:5)
  2 bullfrog skeletons
  8 iguanas
  4 hell rats (Lair:6)
  11 worker ants
  2 hound skeletons
  5 gnolls
  8 adders
  5 shadow imps
  2 adder skeletons
  3 worms
  2 dart slugs
  6 leopard geckos
  34 orcs
  7 bats
  4 giant cockroaches
  4 goblins (D:1)
  5 hobgoblins
  15 jackals
  6 quokkas
  3 ball pythons
  4 frilled lizards
  2 jackal skeletons
  13 kobolds
  A leopard gecko skeleton (D:4)
  A leopard gecko zombie (D:5)
  A quokka zombie (D:6)
  7 rats
  2 fungi
  11 plants
490 creatures vanquished.

Vanquished Creatures (collateral kills)
  Gastronok (D:11)
  Azrael (D:12)
  Sonja (Lair:2)
  Nergalle (D:10)
  Pikel (D:3)
  2 ugly things (IceCv)
  An elephant (Lair:6)
  A rime drake (Lair:6)
  A komodo dragon (Lair:3)
  Sigmund (D:4)
  2 wraiths (Lair:6)
  A fire elemental (D:12)
  A steam dragon (D:9)
  The ghost of Nanban the Slasher, an amateur MfGl (D:3)
  A hungry ghost (D:12)
  An insubstantial wisp (D:9)
  An acid dragon (Lair:6)
  4 hell hounds (D:12)
  An orc warrior (D:9)
  4 ice beasts
  3 sky beasts (D:9)
  An ogre (D:9)
  A centaur (D:9)
  A big kobold (D:9)
  A bullfrog (D:9)
  14 wights
  2 orc priests
  An iguana (D:12)
  A worker ant (D:7)
  A gnoll (D:9)
  An adder (D:9)
  An adder skeleton (D:9)
  2 orcs (D:9)
  7 kobolds (D:9)
  A rat (D:6)
66 creatures vanquished.

Vanquished Creatures (others)
  A hydra (D:11)
  2 ice statues (IceCv)
  A tyrant leech (D:13)
  A wraith (Lair:6)
  A sky beast (D:9)
  3 wights (D:12)
  An electric eel (D:11)
  An orc wizard (D:13)
  A frilled lizard (D:4)
  A fungus (Lair:1)
  23 plants
36 creatures vanquished.

Grand Total: 592 creatures vanquished

Notes
Turn   | Place    | Note
-------+----------+-------------------------------------------
     0 | D:1      | Inarius the Draconian Ice Elementalist began the quest for the Orb.
     0 | D:1      | Reached XP level 1. HP: 14/14 MP: 3/3
   346 | D:1      | Reached XP level 2. HP: 20/20 MP: 1/5
   945 | D:2      | Reached XP level 3. HP: 26/26 MP: 0/6
  1113 | D:2      | Found a blossoming altar of Fedhas.
  1425 | D:2      | Learned a level 3 spell: Ozocubu's Armour
  1596 | D:2      | Reached skill level 4 in Ice Magic
  1656 | D:2      | Found a deep blue altar of Sif Muna.
  1772 | D:2      | Found a sparkling altar of Nemelex Xobeh.
  1787 | D:2      | Became a worshipper of Nemelex Xobeh the Trickster
  1908 | D:2      | Received a gift from Nemelex Xobeh
  1981 | D:2      | Reached XP level 4. HP: 29/33 MP: 4/8
  1990 | D:2      | Learned a level 4 spell: Throw Icicle
  2179 | D:3      | Noticed Nanban's ghost (amateur MfGl)
  2465 | D:3      | Reached * piety under Nemelex Xobeh
  2768 | D:4      | Reached XP level 5. HP: 22/39 MP: 3/9
  2913 | D:4      | Found Kaniwy's General Store.
  2918 | D:4      | Bought a scroll of magic mapping for 35 gold pieces
  2918 | D:4      | Bought a potion of curing for 30 gold pieces
  2918 | D:4      | Bought a scroll of remove curse for 30 gold pieces
  2957 | D:4      | Found a sacrificial altar of Ru.
  2957 | D:4      | Found an iron altar of Okawaru.
  3374 | D:4      | Noticed a slave
  3383 | D:4      | Noticed Pikel
  3391 | D:4      | Noticed a slave
  3783 | D:3      | Received a gift from Nemelex Xobeh
  4062 | D:3      | Killed Pikel
  4062 | D:3      | Reached skill level 1 in Fighting
  4062 | D:3      | Reached skill level 5 in Ice Magic
  4062 | D:3      | Reached XP level 6. HP: 47/47 MP: 9/11
  4081 | D:3      | Killed Nanban's ghost
  4112 | D:4      | Noticed a freed slave
  4112 | D:4      | Noticed a freed slave
  4130 | D:4      | Found an iron altar of Okawaru.
  4157 | D:4      | Noticed Sigmund
  4165 | D:4      | Killed Sigmund
  4165 | D:4      | Reached skill level 6 in Ice Magic
  4165 | D:4      | Your scales start taking on a pale cyan-grey colour.
  4165 | D:4      | Reached XP level 7. HP: 48/52 MP: 13/13
  4598 | D:5      | Entered Level 5 of the Dungeon
  4971 | D:5      | Found a runed door.
  5118 | D:5      | Found a radiant altar of Vehumet.
  5258 | D:5      | Reached ** piety under Nemelex Xobeh
  5437 | D:5      | Received a gift from Nemelex Xobeh
  5437 | D:5      | Noticed Crazy Yiuf
  5446 | D:5      | Killed Crazy Yiuf
  5446 | D:5      | Reached skill level 1 in Maces & Flails
  5644 | D:6      | Found a staircase to the Ecumenical Temple.
  5698 | D:6      | Reached skill level 1 in Invocations
  5720 | D:6      | Reached skill level 7 in Ice Magic
  5758 | D:6      | Reached skill level 1 in Staves
  5947 | D:6      | Reached XP level 8. HP: 55/61 MP: 10/15
  5966 | D:6      | Reached skill level 5 in Spellcasting
  6274 | D:6      | Found a hide-covered altar of Uskayaw.
  6304 | D:6      | Found Nikokh's Armour Shoppe.
  6510 | D:7      | Received a gift from Nemelex Xobeh
  6649 | D:7      | Learned a level 4 spell: Summon Ice Beast
  7107 | D:7      | Reached skill level 8 in Ice Magic
  7390 | D:7      | Reached skill level 1 in Charms
  7390 | D:7      | Reached XP level 9. HP: 66/70 MP: 6/17
  7540 | D:7      | Learned a level 5 spell: Metabolic Englaciation
  7612 | D:7      | Reached *** piety under Nemelex Xobeh
  8040 | D:8      | Noticed a two-headed ogre
  8056 | D:8      | Killed a two-headed ogre
  8056 | D:8      | Reached skill level 9 in Ice Magic
  8386 | D:8      | Noticed Miyamura's ghost (journeyman FoFi)
  8708 | D:8      | Received a gift from Nemelex Xobeh
  9396 | D:8      | Reached skill level 10 in Ice Magic
  9742 | D:9      | Reached skill level 5 in Invocations
  9867 | D:9      | Reached **** piety under Nemelex Xobeh
  9875 | D:9      | Reached XP level 10. HP: 65/80 MP: 12/18
  9920 | D:9      | Found a staircase to the Orcish Mines.
 10317 | D:9      | Received a gift from Nemelex Xobeh
 10370 | D:9      | Noticed a two-headed ogre
 10405 | D:9      | Killed a two-headed ogre
 10405 | D:9      | Reached skill level 11 in Ice Magic
 10609 | D:9      | Noticed a two-headed ogre
 10617 | D:9      | Killed a two-headed ogre
 10769 | D:9      | Received a gift from Nemelex Xobeh
 11091 | D:10     | Entered Level 10 of the Dungeon
 11353 | D:10     | Found Vulil's General Store.
 11639 | D:10     | Reached skill level 1 in Summonings
 11685 | D:10     | Received a gift from Nemelex Xobeh
 11983 | D:10     | Noticed Harold
 11998 | D:10     | Noticed Nergalle
 12063 | D:10     | Killed Nergalle
 12063 | D:10     | Reached skill level 5 in Fighting
 12105 | D:10     | Noticed Fannar
 12119 | D:10     | Noticed Fannar
 12119 | D:10     | Fannar changed into Fannar the death drake
 12122 | D:10     | Noticed Fannar
 12122 | D:10     | Fannar the death drake changed into Fannar the warg
 12131 | D:10     | Killed Fannar the warg
 12296 | D:10     | Reached skill level 12 in Ice Magic
 12504 | D:10     | Killed Harold
 12763 | D:11     | Reached XP level 11. HP: 79/88 MP: 14/19
 12850 | D:11     | Noticed a four-headed hydra
 13110 | D:11     | Noticed Gastronok
 13117 | D:11     | Killed a four-headed hydra
 13355 | D:11     | Killed Gastronok
 13483 | D:11     | Noticed a five-headed hydra
 13578 | D:11     | Killed a five-headed hydra
 13983 | D:11     | Received a gift from Nemelex Xobeh
 14062 | D:11     | Found a staircase to the Lair.
 14078 | D:11     | Found Yrphomm's Jewellery Shop.
 14350 | D:11     | Reached ***** piety under Nemelex Xobeh
 14541 | D:11     | Received a gift from Nemelex Xobeh
 15198 | D:11     | Bought the ring of the Mage {Wiz MR++ Int+3} for 723 gold pieces
 15198 | D:11     | Found the ring of the Mage {Wiz MR++ Int+3}
 15488 | D:12     | Received a gift from Nemelex Xobeh
 15500 | D:12     | Noticed Azrael
 15525 | D:12     | Reached skill level 13 in Ice Magic
 15555 | D:12     | Killed Azrael
 15804 | D:12     | Noticed a deep elf mage
 15858 | Lair:1   | Entered Level 1 of the Lair of Beasts
 15913 | Lair:1   | Found a frozen archway.
 15933 | IceCv    | Entered an ice cave
 16109 | IceCv    | Reached XP level 12. HP: 90/95 MP: 23/23
 17628 | Lair:1   | Learned a level 6 spell: Ozocubu's Refrigeration
 17636 | Lair:1   | Learned a level 6 spell: Bolt of Cold
 18437 | Lair:2   | Received a gift from Nemelex Xobeh
 18442 | Lair:2   | Noticed Sonja
 18456 | Lair:2   | Killed Sonja
 18963 | Lair:2   | Received a gift from Nemelex Xobeh
 19488 | Lair:3   | Reached skill level 5 in Conjurations
 19492 | Lair:3   | Received a gift from Nemelex Xobeh
 19804 | Lair:3   | Learned a level 2 spell: Sublimation of Blood
 19822 | Lair:3   | Found the cursed +13 scythe of Curses {drain, *Curse}
 19978 | Lair:3   | Reached skill level 14 in Ice Magic
 20124 | Lair:3   | Found a hole to the Spider Nest.
 20143 | Lair:3   | Reached ****** piety under Nemelex Xobeh
 20184 | Lair:3   | Noticed a seven-headed hydra
 20190 | Lair:3   | Killed a seven-headed hydra
 20309 | Lair:3   | Received a gift from Nemelex Xobeh
 20675 | Lair:3   | Found a staircase to the Shoals.
 20934 | Lair:4   | Noticed a five-headed hydra
 20936 | Lair:4   | Killed a five-headed hydra
 21052 | Lair:4   | Received a gift from Nemelex Xobeh
 21268 | Lair:4   | Reached XP level 13. HP: 104/104 MP: 20/25
 21517 | Lair:4   | Received a gift from Nemelex Xobeh
 22306 | Lair:5   | Reached skill level 10 in Invocations
 22518 | Lair:5   | Reached skill level 15 in Ice Magic
 22749 | Lair:5   | Received a gift from Nemelex Xobeh
 22804 | Lair:5   | Received a gift from Nemelex Xobeh
 22944 | Lair:5   | Received a gift from Nemelex Xobeh
 23173 | Lair:5   | Received a gift from Nemelex Xobeh
 23252 | Lair:6   | Entered Level 6 of the Lair of Beasts
 23277 | Lair:6   | Noticed Josephine
 23488 | Lair:6   | Killed Josephine
 23850 | Lair:6   | Found a runed door.
 23851 | Lair:6   | Found a viscous altar of Jiyva.
 23855 | Lair:6   | Noticed an azure jelly
 23856 | Lair:6   | Noticed an azure jelly
 24389 | Lair:6   | Found a runed door.
 25269 | Lair:6   | Identified the +11 great sword of Attainder {pain, rPois rF+} (You found it on level 6 of the Lair of Beasts)
 25270 | Lair:6   | Received a gift from Nemelex Xobeh
 25336 | Lair:6   | Received a gift from Nemelex Xobeh
 25608 | Lair:6   | Received a gift from Nemelex Xobeh
 25663 | Lair:6   | Reached skill level 16 in Ice Magic
 25939 | Lair:6   | Noticed a fire dragon
 25948 | Lair:6   | Killed a fire dragon
 26143 | Lair:6   | Found a staircase to the Slime Pits.
 26265 | Lair:6   | Noticed a fire dragon
 26268 | Lair:6   | Killed a fire dragon
 26819 | D:12     | Reached XP level 14. HP: 113/113 MP: 26/26
 27136 | D:12     | Received a gift from Nemelex Xobeh
 27146 | D:12     | Noticed Erolcha
 27149 | D:12     | Noticed Erolcha
 27149 | D:12     | Erolcha changed into Erolcha the black bear
 27150 | D:12     | Killed Erolcha the black bear
 28054 | D:13     | Received a gift from Nemelex Xobeh
 28316 | D:13     | Received a gift from Nemelex Xobeh
 28691 | D:13     | Reached skill level 5 in Dodging
 28908 | D:13     | Found a bloodstained altar of Trog.
 29380 | D:13     | Killed by a card of wild magic

Skill      XL: |  1  2  3  4  5  6  7  8  9 10 11 12 13 14 |
---------------+-------------------------------------------+-----
Dodging        | 2 3 4 5 |  5.0
Ice Magic      | 4 5 6 7 8 10 12 13 14 16 | 16.9
Spellcasting   | 3 4 5 7 8 |  8.9
Fighting       | 1 3 4 5 6 7 |  7.7
Maces & Flails | 1 |  1.0
Invocations    | 1 3 5 6 7 9 10 11 | 11.5
Staves         | 1 |  1.2
Charms         | 1 2 |  2.5
Conjurations   | 2 4 5 7 |  7.6
Summonings     | 1 3 4 |  4.0
Stealth        | |  1.7
Unarmed Combat | |  0.1

Action                   |  1- 3 |  4- 6 |  7- 9 | 10-12 | 13-15 || total
-------------------------+-------+-------+-------+-------+-------++-------
Melee: Unarmed           |    13 |       |       |       |       ||    13
       Tailslap          |     5 |     2 |    28 |    38 |    22 ||    95
       Short sword       |    35 |    10 |       |       |       ||    45
       War axe           |       |    17 |       |       |       ||    17
       Whip              |       |       |    40 |       |       ||    40
       Quarterstaff      |       |       |   178 |   331 |   145 ||   654
       Dagger            |       |       |    57 |     8 |       ||    65
       Staff             |       |       |       |    18 |       ||    18
 Cast: Freeze            |    64 |    27 |    51 |     6 |       ||   148
       Ozocubu's Armour  |       |     1 |    15 |    13 |    11 ||    40
       Throw Icicle      |       |       |    27 |   158 |   157 ||   342
       Summon Ice Beast  |       |       |     3 |    54 |     3 ||    60
       Ozocubu's Refrige |       |       |       |     7 |    21 ||    28
       Bolt of Cold      |       |       |       |       |    19 ||    19
       Sublimation of Bl |       |       |       |       |     2 ||     2
 Abil: Breathe Steam     |       |       |     4 |     3 |     1 ||     8
Evoke: Deck              |       |     5 |     6 |    44 |    30 ||    85
  Use: Potion            |       |     3 |       |     3 |       ||     6
       Scroll            |       |     2 |     9 |    15 |    10 ||    36
 Stab: Sleeping          |     1 |       |     4 |     2 |       ||     7
       Distracted        |     1 |       |       |     5 |       ||     6
       Petrified         |       |       |     1 |       |     3 ||     4
       Paralysed         |       |       |       |     2 |     4 ||     6
       Petrifying        |       |       |       |     1 |       ||     1
  Eat: Chunk             |     4 |     3 |    22 |    36 |    37 ||   102
       Ration            |       |     1 |     1 |     8 |     4 ||    14
Armor: Skin              |    27 |    17 |   157 |   191 |   116 ||   508
Dodge: Dodged            |    66 |    37 |   217 |   345 |   177 ||   842
